AoeStats
← summerdream

Arabia

511046423Analyzed
1v1 RM · 6h ago on Oct 3, 2026· 25m 9s· 2 players
Game mode
Random Map
Map size
Tiny (2 player)
Population
200
Speed
Normal
Resources
Standard
Victory
Conquest
Starting age
Dark Age
Ending age
Imperial Age
RankedLock teamsTeams togetherTeam positionsShared explorationLock speedFull tech treeHidden civsTurbo modeCheats
Victory
Defeat
🇺🇦 Franks · Ukraine
914
+15
🇨🇳 Turks · China
899
-42
summerdream
2:12 Loom
20:18 Feudal Age
Chill
7:02 Loom
10:11 Feudal Age
11:35 Double-Bit Axe
21:02 Castle Age
19:37 Forging
21:07 Scale Barding Armor
24:09 Iron Casting
25:15 Fletching
Connection lost

Rejoining the realm…

Still unreachable

The connection could not be restored.

Session expired

The server has moved on; the page needs a fresh start.